 Dungeon Crawl Stone Soup version 0.31.0-11-ge490571c62 (webtiles) character file.

Game seed: 15257098397266075645

1330 qw the Skirmisher (level 8, 0/40 HPs)
             Began as a Spriggan Hunter on Feb 3, 2024.
             Succumbed to a hornet's poison
             ... on level 5 of the Dungeon.
             The game lasted 00:00:24 (4714 turns).

qw the Skirmisher (Spriggan Hunter)                 Turns: 4714, Time: 00:00:24

Health: 0/40       AC:  4    Str:  7    XL:     8   Next: 34%
Magic:  9/9        EV: 28    Int: 11    God:
Gold:   63         SH:  0    Dex: 20    Spells: 7/7 levels left

rFire   + . .        a - +0 shortbow
rCold   + + .        (shield currently unavailable)
rNeg    . . .        f - +2 robe {rC+}
rPois   .            (helmet restricted)
rElec   .            g - scarf {rC+ rF+}
rCorr   .            (gloves unavailable)
SInv    +            (boots unavailable)
Will    +....        (no amulet)
Stlth   ++           k - +5 ring of evasion
HPRegen 0.26/turn    (no ring)
MPRegen 0.11/turn

%: no passive effects
@: lethally poisoned (0 -> -1), slowed, quick
A: very small, no large weapons, unfitting armour, see invisible, speed 3
a: no special abilities


You were on level 5 of the Dungeon.
You visited 1 branch of the dungeon, and saw 6 of its levels.

You collected 310 gold pieces.
You spent 247 gold pieces at shops.


Innate Abilities, Weirdness & Mutations

You are very small and have problems with some larger weapons.
You are too small for most types of armour.
You have supernaturally acute eyesight. (SInv)
You cover ground extremely quickly. (Speed+++)


   Skills:
 - Level 3.2 Fighting
 + Level 8.6 Ranged Weapons
 - Level 8.1 Dodging
 - Level 1.5 Stealth


You had 7 spell levels left.
You didn't know any spells.
Your spell library was empty.

Inventory:

Hand Weapons
 a - a +0 shortbow (weapon)
Armour
 e - a +0 cloak
 f - a +2 robe of cold resistance (worn)
 g - a scarf of resistance (worn)
Jewellery
 k - a +5 ring of evasion (left hand)
 m - a ring of ice
Wands
 b - a wand of acid (10)
 h - a wand of iceblast (2)
Potions
 d - a potion of mutation
 i - a potion of might
 j - 2 potions of curing

Dungeon Overview and Level Annotations

Branches:
Dungeon (6/15)
 Temple: D:4-7

Altars:

Shops:
D:5 (   D:6 *

Annotations:
D:3 1 runed translucent door, qw's ghost, amateur DEHu
D:5 2 runed translucent doors, qw's ghost, novice DEHu


Message History

The orc hits you but does no damage.
There is a stone staircase leading up here.
4703 ||| STAIRDANCE You climb upwards.
Level annotation: 2 runed translucent doors, qw's ghost, novice DEHu
There is a stone staircase leading down here.
You see here a +0 robe.
You climb downwards.
The hornet completely misses you.
There is a stone staircase leading up here.
4707 ||| STAIRDANCE The hornet completely misses you.
You climb upwards.
Level annotation: 2 runed translucent doors, qw's ghost, novice DEHu
There is a stone staircase leading down here.
You see here a +0 robe.
You shoot an arrow. The arrow hits the hornet.
The hornet is lightly wounded.
The hornet stings you!
You feel yourself slow down. The hornet stings you.
You are poisoned.
You suddenly lose the ability to move!
You can move again.
You shoot an arrow. The arrow closely misses the hornet.
You feel very sick. The hornet stings you!
You feel as though you will be slow longer.
The hornet misses you.
You shoot an arrow. The arrow barely misses the hornet.
You feel sick. The hornet completely misses you. x2
You shoot an arrow. The arrow hits the hornet.
The hornet is moderately wounded.
You feel sick. The hornet stings you!
You feel as though you will be slow longer.
The hornet barely misses you.
You shoot an arrow. The arrow closely misses the hornet.
You feel sick. The hornet barely misses you. The hornet stings you.
You feel as though you will be slow longer.
The hornet barely misses you.
You shoot an arrow. The arrow hits the hornet.
The hornet is moderately wounded.
You die...

###.#.# ......# ############
###.############ #...........
#............# #.##########
#............# #.#
#............# #.#
#............# #.#
###........%...#######.#
.......##+##....@....#.#
##.....#rS~#...#y###.#.#
#..####~~~#####.# #.#.#
#...###~~~# #.# #.#.#
###...##~~~#####.# #.#.#
.......#~?~#.<.#.# #.#.#
###.#.##W~~##..#.# #.#.# ######
#.#.##~~r##..#.# #.#.# #.....
#.#..#~~~##..#.###.#.#####<####


You could see a hornet.

Vanquished Creatures
  An ice beast (D:5)
  A black bear (D:6)
  An ogre (D:6)
  2 phantoms
  A scorpion (D:4)
  2 bombardier beetles (D:5)
  A jelly (D:4)
  An orc priest (D:5)
  2 hounds
  A gnoll bouda (D:6)
  2 sleepcaps
  5 iguanas
  6 orc wizards
  11 adders
  6 gnolls
  8 ribbon worms
  2 dart slugs
  13 orcs
  10 endoplasms
  5 giant cockroaches
  7 goblins
  11 hobgoblins
  8 jackals
  7 kobolds
  4 quokkas
  13 ball pythons
  7 bats
  A frilled lizard (D:1)
  2 rats
141 creatures vanquished.

Notes
Turn   | Place    | Note
-------+----------+-------------------------------------------
     0 | D:1      | qw the Spriggan Hunter began the quest for the Orb.
     0 | D:1      | Reached XP level 1. HP: 10/10 MP: 2/2
     0 | D:1      | 0 ||| qw: Version: 0.3-a-155-g5e7d8dd
     0 | D:1      | 0 ||| qw: Game counter: 3242
     0 | D:1      | 0 ||| qw: Melee chars always use a shield: true
     0 | D:1      | 0 ||| qw: God list: Okawaru
     0 | D:1      | 0 ||| qw: Allow faded altars: false
     0 | D:1      | 0 ||| qw: Do Orc after clearing Dungeon:15 true
     0 | D:1      | 0 ||| qw: Do second Lair branch before Depths: true
     0 | D:1      | 0 ||| qw: Lair rune preference: random
     0 | D:1      | 0 ||| qw: Goals: Normal
     0 | D:1      | 0 ||| PLANNING D:1-11
    91 | D:1      | Reached skill level 3 in Dodging
   130 | D:1      | 130 ||| RETREEEEATING.
   131 | D:1      | 131 ||| RETREEEEATING.
   132 | D:1      | 132 ||| RETREEEEATING.
   140 | D:1      | Reached XP level 2. HP: 14/14 MP: 3/3
   536 | D:1      | Reached XP level 3. HP: 18/18 MP: 4/4
   544 | D:1      | 544 ||| UPGRADING to +0 cloak.
   549 | D:1      | 549 ||| READING scroll labelled MEAV KIZIRGH.
   549 | D:1      | 549 ||| IDENTIFYING fizzy blue potion
   550 | D:1      | 550 ||| DROPPING scroll of butterflies.
   835 | D:2      | Reached XP level 4. HP: 22/22 MP: 5/5
  1138 | D:2      | 1138 ||| UPGRADING to scarf of resistance.
  1148 | D:2      | 1148 ||| DROPPING ring of magical power.
  1149 | D:2      | 1149 ||| READING scroll labelled FEHYIW GEUGYI.
  1435 | D:3      | Reached XP level 5. HP: 26/26 MP: 6/6
  1534 | D:3      | 1534 ||| READING 2 scrolls of identify.
  1534 | D:3      | 1534 ||| IDENTIFYING smoky cyan potion
  1535 | D:3      | 1535 ||| READING scroll of identify.
  1535 | D:3      | 1535 ||| IDENTIFYING coppery potion
  1536 | D:3      | 1536 ||| READING scroll labelled PUJEMU BAVUHO.
  1624 | D:3      | 1624 ||| FLEEEEING.
  1626 | D:3      | 1626 ||| FLEEEEING.
  1657 | D:3      | Found a runed translucent door.
  1691 | D:3      | Noticed qw's ghost (amateur DEHu)
  2092 | D:3      | 2092 ||| READING scroll labelled QAIQAM SICUQ.
  2093 | D:3      | 2093 ||| READING scroll labelled FYIN QUORHOJUF.
  2161 | D:3      | 2161 ||| READING scroll labelled GIGGOTR BAOS.
  2162 | D:3      | 2162 ||| DROPPING potion of degeneration.
  2178 | D:4      | 2178 ||| STAIRDANCE
  2228 | D:4      | Reached skill level 6 in Ranged Weapons
  2290 | D:4      | Reached XP level 6. HP: 21/30 MP: 7/7
  2335 | D:4      | Reached skill level 6 in Dodging
  2843 | D:4      | Reached XP level 7. HP: 27/35 MP: 8/8
  3066 | D:4      | 3066 ||| READING scroll labelled LODEUGAEGHI.
  3083 | D:5      | Entered Level 5 of the Dungeon
  3096 | D:5      | Found a runed translucent door.
  3097 | D:5      | Noticed qw's ghost (novice DEHu)
  3274 | D:5      | Found a runed translucent door.
  3316 | D:5      | Found Umitock's Weapon Emporium.
  3401 | D:5      | HP: 5/35 [ribbon worm (8)]
  3402 | D:5      | 3402 ||| READING scroll of teleportation.
  3403 | D:5      | 3403 ||| DRINKING potion of heal wounds.
  3877 | D:5      | HP: 4/35 [orc priest/divine providence (10)]
  3878 | D:5      | 3878 ||| DRINKING potion of heal wounds.
  3886 | D:5      | HP: 8/35 [orc priest/divine providence (14)]
  4172 | D:5      | 4172 ||| UPGRADING to +5 ring of evasion.
  4173 | D:5      | 4173 ||| READING 2 scrolls of identify.
  4173 | D:5      | 4173 ||| IDENTIFYING amethyst potion
  4174 | D:5      | 4174 ||| READING scroll of identify.
  4174 | D:5      | 4174 ||| IDENTIFYING 2 red potions
  4175 | D:5      | 4175 ||| READING scroll labelled EWNE UG XUE.
  4176 | D:5      | 4176 ||| READING scroll labelled UNLANU UNKEK.
  4176 | D:5      | 4176 ||| ENCHANTING +0 shortbow.
  4211 | D:6      | Reached skill level 3 in Fighting
  4233 | D:6      | Reached XP level 8. HP: 40/40 MP: 9/9
  4354 | D:6      | Found Riacsig's General Store.
  4382 | D:6      | HP: 9/40 [gnoll/+0 whip[a gnoll bouda] (9)]
  4383 | D:6      | 4383 ||| DRINKING potion of heal wounds.
  4452 | D:6      | 4452 ||| BUYING +2 robe of cold resistance (247 gold).
  4452 | D:6      | Bought a +2 robe of cold resistance for 247 gold pieces
  4452 | D:6      | 4452 ||| SHOPLISTING potion of heal wounds (70 gold, have
                  | 20).
  4452 | D:6      | 4452 ||| SHOPLISTING ring of poison resistance (280 gold,
                  | have 20).
  4452 | D:6      | 4452 ||| SHOPLISTING scroll of identify (28 gold, have 20).
  4634 | D:6      | 4634 ||| FLEEEEING.
  4636 | D:6      | 4636 ||| FLEEEEING.
  4637 | D:6      | 4637 ||| FLEEEEING.
  4638 | D:6      | 4638 ||| FLEEEEING.
  4639 | D:6      | 4639 ||| FLEEEEING.
  4640 | D:6      | 4640 ||| FLEEEEING.
  4641 | D:6      | 4641 ||| FLEEEEING.
  4642 | D:6      | 4642 ||| FLEEEEING.
  4643 | D:6      | 4643 ||| FLEEEEING.
  4644 | D:6      | 4644 ||| FLEEEEING.
  4645 | D:6      | 4645 ||| FLEEEEING.
  4646 | D:6      | 4646 ||| FLEEEEING.
  4648 | D:6      | 4648 ||| FLEEEEING.
  4649 | D:6      | 4649 ||| FLEEEEING.
  4651 | D:6      | 4651 ||| FLEEEEING.
  4652 | D:6      | 4652 ||| FLEEEEING.
  4653 | D:6      | 4653 ||| FLEEEEING.
  4655 | D:6      | 4655 ||| FLEEEEING.
  4661 | D:6      | 4661 ||| STAIRDANCE
  4672 | D:5      | 4672 ||| UPGRADING to +2 robe of cold resistance.
  4682 | D:5      | 4682 ||| DROPPING +0 robe.
  4685 | D:6      | 4685 ||| STAIRDANCE
  4702 | D:6      | Noticed a hornet
  4703 | D:6      | 4703 ||| STAIRDANCE
  4707 | D:6      | 4707 ||| STAIRDANCE
  4709 | D:5      | Paralysed by a hornet for 1 turns
  4712 | D:5      | HP: 4/40 [hornet (8)]
  4713 | D:5      | HP: 1/40 [hornet (2)]
  4714 | D:5      | Succumbed to a hornet's poison

Levels and vault maps discovered:
D:1:      minmay_arrival_widening_spiral_wide, layout_basic,
          serial_bayou_pond_e, chequers_arboretum, kennysheep_another_room
D:2:      layout_basic
D:3:      layout_loops_ring, serial_glass, glass_columns_a, glass_columns_c,
          glass_columns_a, glass_columns_a, glass_columns_a, glass_columns_a,
          glass_columns_a, glass_columns_b, item_on_display_a,
          item_on_display_a, feat_on_display, feat_on_display,
          gammafunk_ghost_grave, hex_medium, kennysheep_generic_room_16
D:4:      layout_basic, kennysheep_generic_room_15
D:5:      layout_basic, serial_shops, nicolae_shop_bloodbath_and_beyond,
          ebering_ghost_sewer_f, nicolae_wormholes
D:6:      layout_basic, serial_shops, shop, minmay_misc_feat_hallway,
          minivault_22, grunt_decor_one_mirror, bh_walls_and_bars,
          uniq_blork_the_orc

Skill      XL: |  1  2  3  4  5  6  7  8 |
---------------+-------------------------+-----
Dodging        | 3 4 5 6 7 8 |  8.1
Ranged Weapons | 5 6 7 8 |  8.6
Fighting       | 2 3 |  3.2
Stealth        | |  1.5

Action                     |  1- 3 |  4- 6 |  7- 9 || total
---------------------------+-------+-------+-------++-------
   Fire: Shortbow          |   121 |   225 |   208 ||   554
    Use: Scroll            |     1 |     7 |     6 ||    14
         Potion            |       |       |     3 ||     3
 Armour: Robe              |    12 |    25 |    41 ||    78
  Dodge: Dodged            |    48 |    76 |   138 ||   262

Table legend:
 A = Non-vault XP
 B = Vault XP
 C = Vault XP percentage of total XP
 D = Non-vault monster count
 E = Vault monster count
 F = Vault count percentage of total count
                 A         B        C        D         E       F
            +---------+---------+-------+---------+---------+-------
      Total |    1826 |      75 |   3.9 |     130 |      11 |   7.8
            +---------+---------+-------+---------+---------+-------
        D:1 |      42 |       0 |   0.0 |      27 |       0 |   0.0
        D:2 |      96 |       0 |   0.0 |      26 |       0 |   0.0
        D:3 |     138 |       5 |   3.5 |      28 |       3 |   9.7
        D:4 |     419 |      46 |   9.9 |      23 |       2 |   8.0
        D:5 |     567 |      24 |   4.1 |      15 |       6 |  28.6
        D:6 |     564 |       0 |   0.0 |      11 |       0 |   0.0
            +---------+---------+-------+---------+---------+-------
